 Dungeon Sprint DCSS version 0.23.2-30-g0e89c35649 (webtiles) character file.

Game seed: 4042720342510563541

17016257 HASTUR3 the Naga Porcupine (level 22, 254/254 HPs)
             Began as a Naga Monk on June 19, 2019.
             Escaped with the Orb
             ... and 5 runes!
             The game lasted 01:42:55 (9561 turns).

HASTUR3 the Naga Porcupine (Naga Monk)              Turns: 9561, Time: 01:42:56

Health: 254/254    AC: 24    Str: 21    XL:     22   Next: 30%
Magic:  48/48      EV: 13    Int: 18    God:
Gold:   88         SH: 27    Dex: 19    Spells: 21/21 levels left

rFire    + + +     SeeInvis +   t - +5 trishula (holy)
rCold    + . .     Gourm    .   y - +0 large shield
rNeg     . . .     Faith    .   I - +0 gold dragon scales
rPois    +         Spirit   .   L - +0 hat {MR+}
rElec    .         Reflect  .   x - +0 cloak {+Inv}
rCorr    +         Harm     .   S - +2 pair of gloves
MR       +++..     NoTele   +   (no barding)
Stlth    +.........             E - amulet of regeneration
HPRegen  0.92/turn              F - ring of Zahodeni {Str+5 Int+5}
MPRegen  0.31/turn              B - ring of Xom's Fair Game {rCorr rF++ MP+9 Slay+3}

@: very slow
A: large, thin skeletal structure 1, see invisible, deformed body, deterioration
1, dopey 1, poison resistance, slowness 2, slow metabolism 1, spit poison 1,
constrict 1, AC +7
0: Orb of Zot
}: 5/17 runes: decaying, serpentine, barnacled, silver, gossamer
a: Spit Poison, Evoke Invisibility


You escaped.
You were near starving.

You visited 1 branch You collected 1962 gold pieces.
You spent 1874 gold pieces at shops.

Inventory:

Hand Weapons
 m - the +8 demon trident "Rift" {distort, reach+}
   (You found it in the Dungeon)

   It warps and distorts space around it.
   Unwielding it can cause banishment or high damage.
 t - a +5 trishula of holy wrath (weapon)
Missiles
 h - 14 javelins of penetration (quivered)
 p - 14 silver javelins
Armour
 v - the +2 swamp dragon scales of Rutib {rPois rF+ Str+4 Int+8 Slay+3}
   (You found it in the Dungeon)

   It affects your strength (+4).
   It affects your intelligence (+8).
   It affects your accuracy and damage with ranged weapons and melee attacks
   (+3).
   It protects you from fire.
   It protects you from poison.
 x - a +0 cloak of invisibility (worn)
 y - a +0 large shield (worn)
 H - +0 storm dragon scales
 I - +0 gold dragon scales (worn)
 L - a +0 hat of magic resistance (worn)
 S - a +2 pair of gloves (worn)
 T - the +0 pair of gloves "Boxtuwk" {+Fly rC- MR+}
   (You found it in the Dungeon)

   It makes you vulnerable to cold.
   It affects your resistance to hostile enchantments.
   It lets you fly.
Jewellery
 u - an uncursed ring of protection from magic
 B - the ring of Xom's Fair Game (right hand) {rCorr rF++ MP+9 Slay+3}
   (You found it in the Dungeon)

   [ring of resist corrosion]

   It affects your accuracy and damage with ranged weapons and melee attacks
   (+3).
   It greatly protects you from fire.
   It affects your magic capacity (+9).
 C - an uncursed ring of resist corrosion
 D - the ring "Tagg" {+Fly rC+ Int+4}
   (You bought it in a shop in the Dungeon)

   [ring of flight]

   It affects your intelligence (+4).
   It protects you from cold.
   It lets you fly.
 E - an amulet of regeneration (around neck)
 F - the ring of Zahodeni (left hand) {Str+5 Int+5}
   (You found it in the Dungeon)

   [ring of intelligence]

   It affects your strength (+5).
   It affects your intelligence (+5).
 G - the ring "Egiuser" {rCorr +Blink rC+ Str-2}
   (You found it in the Dungeon)

   [ring of resist corrosion]

   It affects your strength (-2).
   It protects you from cold.
   It lets you blink.
 O - the ring of Ycyis {rPois AC+5}
   (You found it in the Dungeon)

   [ring of protection]

   It affects your AC (+5).
   It protects you from poison.
 P - the ring of Checkmate {Ice +Blink rElec rN++ Int-5}
   (You found it in the Dungeon)

   [ring of ice]

   It enhances your ice magic.
   It affects your intelligence (-5).
   It makes you vulnerable to fire.
   It protects you from cold.
   It insulates you from electricity.
   It greatly protects you from negative energy.
   It lets you blink.
Wands
 l - a wand of iceblast (10)
Scrolls
 b - 7 scrolls of remove curse
 f - 3 scrolls of amnesia
 i - 4 scrolls of blinking
 j - 5 scrolls of identify
 k - 6 scrolls of fear
 q - 4 scrolls of enchant armour
 r - 3 scrolls of fog
 M - 4 scrolls of enchant weapon
Potions
 a - a potion of might
 d - 9 potions of curing
 e - 4 potions of heal wounds
 g - a potion of flight {unknown}
 o - a potion of agility
 K - 2 potions of brilliance
Miscellaneous
 n - a crystal ball of energy
 z - a lamp of fire
 A - a lightning rod (4/4)
 J - a sack of spiders
 N - a phantom mirror
Comestibles
 c - 7 rations


   Skills:
 O Level 27 Fighting
 O Level 27 Polearms
 O Level 27 Throwing
 - Level 11.1 Armour
 + Level 23.9 Dodging
 O Level 27 Stealth
 O Level 27 Shields
 O Level 27 Invocations
 O Level 27 Evocations


You had 21 spell levels left.
You didn't know any spells.
Your spell library was empty.

Dungeon Overview and Level Annotations

Branches:
Dungeon (1/1)

Altars:
Cheibriados
Dithmenos
Elyvilon
Fedhas
Gozag
Hepliaklqana
Kikubaaqudgha
Makhleb
Nemelex Xobeh
Okawaru
Qazlal
Ru
Sif Muna
Trog
Uskayaw
Vehumet
Wu Jian
Xom
Yredelemnul
Zin
The Shining One
Beogh
Jiyva
Lugonu

Shops:
D }(!=

Annotations:
D Mara


Innate Abilities, Weirdness & Mutations

You cannot wear boots.
Your serpentine skin is tough. (AC +7)
You have supernaturally acute eyesight. (SInv)
Armour fits poorly on your strangely shaped body.
Your system is resistant to poisons. (rPois)
You cover ground very slowly.
You have a slow metabolism.
You can spit poison.
You can use your snake-like lower body to constrict enemies.
You have a somewhat thin skeletal structure. (Dex +2, Stealth)
Your body sometimes deteriorates upon taking damage.
You are dopey. (Int -2)


Message History

Press: ? - help, Shift-Dir - straight line, f/p - neqoxec
Aim: a neqoxec You throw a javelin of penetration.
The javelin of penetration pierces through the neqoxec!!!!
You kill the neqoxec!
Cheibriados thoroughly appreciates the change of pace.
Things that are here:
a +0 robe; a +0 spear; a +0 trident
There is an open door here.
There is an open door to the Dungeon, spattered with blood here.
You see here a +0 club.
You are near starving!
There is a staircase leading out of the dungeon here.
Really renounce your faith, foregoing its fabulous benefits?
Are you sure you won't change your mind later?
You have lost your religion!
Cheibriados does not appreciate desertion!
Cheibriados continues to slow your movements.
You can't go down here!
You have escaped!

▓▓▓▓▓▓▓▓▓▓▓▓▓▓▓▓▓▓
▓@▓...▓..°▓...▓...
▓.▓.▓.▓.▓☼▓.▓.▓.▓.
▓.▓.▓.▓.▓.▓.▓.▓(▓.
▓.▓.▓.▓.▓.▓.▓.▓.▓.
▓)▓.▓.▓)▓.▓.▓.▓.▓.
▓.▓.▓.▓.▓.▓.▓.▓.▓.
▓.▓.▓.▓.▓.▓)▓.▓.▓.
▓.▓.▓'▓.▓.▓.▓.▓.▓.
▓.▓.▓.▓.▓.▓.▓.▓.▓.


There were no monsters in sight!

Vanquished Creatures
  6 pandemonium lords (D)
  A seraph (D)
  Mennas (D)
  5 orbs of fire (D)
  An ancient lich (D)
  Sojobo (D)
  A Killer Klown (D)
  Nikola (D)
  4 golden dragons (D)
  2 profane servitors (D)
  Jory (D)
  4 liches (D)
  3 electric golems (D)
  4 tentacled monstrosities (D)
  A Brimstone Fiend (D)
  A hellephant (D)
  An Ice Fiend (D)
  31 Orb Guardians (D)
  4 quicksilver dragons (D)
  An Executioner (D)
  Frances (D)
  3 sphinxes (D)
  2 tengu reavers (D)
  12 storm dragons (D)
  A thorn hunter (D)
  Gastronok (D)
  6 shadow dragons (D)
  4 nagarajas (D)
  A corrupter (D)
  2 fire giants (D)
  3 emperor scorpions (D)
  3 frost giants (D)
  A vault warden (D)
  2 draconian scorchers (D)
  2 draconian knights (D)
  Aizul (D)
  A draconian shifter (D)
  2 reapers (D)
  An angel (D)
  A warmonger (D)
  4 stone giants (D)
  An ironheart preserver (D)
  5 green draconians (D)
  Nessos (D)
  A black draconian (D)
  2 vampire knights (D)
  2 very ugly things (D)
  2 spark wasps (D)
  3 purple draconians (D)
  2 red draconians (D)
  2 white draconians (D)
  A green death (D)
  2 blizzard demons (D)
  6 merfolk javelineers (D)
  4 ettins (D)
  4 fire dragons (D)
  Snorg (D)
  5 yaktaur captains (D)
  A great orb of eyes (D)
  23 vault guards (D)
  A monstrous demonspawn (D)
  A naga warrior (D)
  Harold (D)
  A spriggan air mage (D)
  A hell beast (D)
  3 ice dragons (D)
  2 catoblepae (D)
  A merfolk avatar (D)
  2 anacondas (D)
  3 merfolk aquamancers (D)
  4 hydras (D)
  Erica (D)
  An alligator (D)
  2 ogre magi (D)
  7 orc high priests (D)
  2 deep troll shamans (D)
  6 death yaks (D)
  A deep elf knight (D)
  Nergalle (D)
  2 shock serpents (D)
  5 hell knights (D)
  3 soul eaters (D)
  3 sixfirhies (D)
  2 unseen horrors (D)
  9 swamp dragons (D)
  2 naga ritualists (D)
  3 shadow demons (D)
  3 infernal demonspawn (D)
  A cherub (D)
  A deep elf archer (D)
  3 glowing orange brains (D)
  6 ironbrand convokers (D)
  8 orc knights (D)
  4 necromancers (D)
  An orb spider (D)
  4 wolf spiders (D)
  13 moths of wrath (D)
  An ugly thing (D)
  A manticore (D)
  A merfolk siren (D)
  3 guardian serpents (D)
  A naga mage (D)
  A black mamba (D)
  A rust devil (D)
  2 vault sentinels (D)
  4 spiny frogs (D)
  A smoke demon (D)
  2 orange demons (D)
  2 efreet (D)
  A komodo dragon (shapeshifter) (D)
  2 komodo dragons (D)
  3 freezing wraiths (D)
  An ice devil (D)
  2 hellions (D)
  A tormentor (D)
  2 yaktaurs (D)
  A hellwing (D)
  A demonic crawler (D)
  4 tengu conjurers (D)
  A meliai (shapeshifter) (D)
  6 merfolk (D)
  2 jumping spiders (D)
  4 red devils (D)
  2 hornets (D)
  3 slime creatures (D)
  2 blink frogs (D)
  2 hippogriffs (D)
  2 bog bodies (D)
  A snapping turtle (D)
  4 redbacks (D)
  A yak (shapeshifter) (D)
  A human (shapeshifter) (D)
  3 spriggans (D)
  A tarantella (D)
  2 wraiths (D)
  2 ynoxinuls (D)
  A small abomination (D)
  A tarantella (shapeshifter) (D)
  2 golden eyes (D)
  2 neqoxecs (D)
  2 chaos spawn (D)
  A hungry ghost (D)
  A golden eye (shapeshifter) (D)
  A vampire mosquito (D)
  4 nagas (D)
  An acid dragon (D)
  5 water moccasins (D)
  4 hell hounds (D)
  2 porcupines (D)
  An eye of draining (D)
  10 orc warriors (D)
  3 ice beasts (D)
  A sky beast (D)
  A necrophage (D)
  A bullfrog (D)
  A gnoll sergeant (D)
  2 crimson imps (D)
  A jelly (D)
  3 orc wizards (D)
  2 orc priests (D)
  An iron imp (D)
  2 worker ants (D)
  An adder (D)
  A shadow imp (D)
  A leopard gecko (D)
  11 orcs (D)
  A giant cockroach (D)
  2 hobgoblins (D)
  A leopard gecko skeleton (D)
  A rat (D)
462 creatures vanquished.

Vanquished Creatures (others)
  A bone dragon (D)
  A pandemonium lord (D)
  A Brimstone Fiend (D)
  An Orb Guardian (D)
  A nagaraja (D)
  A fire giant (D)
  An emperor scorpion (D)
  An angel (D)
  A hydra (D)
  A vault guard (D)
  A shambling mangrove (D)
  A merfolk aquamancer (D)
  A hell knight (D)
  A slime creature (D)
  3 briar patches (D)
17 creatures vanquished.

Grand Total: 479 creatures vanquished

Notes
Turn   | Place    | Note
-------+----------+-------------------------------------------
     0 | D        | HASTUR3 the Naga Monk began the quest for the Orb.
     0 | D        | Reached XP level 1. HP: 21/21 MP: 1/1
    26 | D        | Reached XP level 2. HP: 18/28 MP: 2/2
   139 | D        | Noticed a gnoll sergeant
   139 | D        | Noticed a crimson imp
   145 | D        | Killed a gnoll sergeant
   145 | D        | Reached skill level 5 in Fighting
   145 | D        | Reached XP level 3. HP: 39/39 MP: 3/3
   145 | D        | Reached XP level 4. HP: 46/46 MP: 4/4
   154 | D        | Reached XP level 5. HP: 56/56 MP: 5/5
   193 | D        | Found a roughly hewn altar of Beogh.
   193 | D        | Found a snail-covered altar of Cheibriados.
   193 | D        | Found a shadowy altar of Dithmenos.
   193 | D        | Found a white marble altar of Elyvilon.
   193 | D        | Found a blossoming altar of Fedhas.
   193 | D        | Found an opulent altar of Gozag.
   195 | D        | Found a hazy altar of Hepliaklqana.
   196 | D        | Found a viscous altar of Jiyva.
   197 | D        | Found an ancient bone altar of Kikubaaqudgha.
   198 | D        | Became a worshipper of Cheibriados the Contemplative
   198 | D        | Reached * piety under Cheibriados
   198 | D        | Reached ** piety under Cheibriados
   199 | D        | Found a corrupted altar of Lugonu.
   200 | D        | Found a burning altar of Makhleb.
   201 | D        | Found a sparkling altar of Nemelex Xobeh.
   202 | D        | Found an iron altar of Okawaru.
   203 | D        | Found a stormy altar of Qazlal.
   204 | D        | Found a sacrificial altar of Ru.
   205 | D        | Found a deep blue altar of Sif Muna.
   206 | D        | Found a bloodstained altar of Trog.
   207 | D        | Found a hide-covered altar of Uskayaw.
   208 | D        | Found a radiant altar of Vehumet.
   209 | D        | Found an ornate altar of the Wu Jian Council.
   210 | D        | Found a shimmering altar of Xom.
   211 | D        | Found a basalt altar of Yredelemnul.
   212 | D        | Found a glowing silver altar of Zin.
   213 | D        | Found a glowing golden altar of the Shining One.
   268 | D        | Noticed a hippogriff
   268 | D        | Noticed a wraith
   268 | D        | Noticed an ice beast
   275 | D        | Killed a hippogriff
   275 | D        | Reached skill level 5 in Invocations
   275 | D        | Reached XP level 6. HP: 26/68 MP: 5/9
   276 | D        | Reached *** piety under Cheibriados
   288 | D        | Killed a wraith
   288 | D        | Reached XP level 7. HP: 48/75 MP: 6/10
   291 | D        | Reached **** piety under Cheibriados
   360 | D        | Noticed an efreet
   360 | D        | Noticed a slime creature
   360 | D        | Noticed a hungry ghost
   360 | D        | Noticed an unseen horror
   362 | D        | Killed an unseen horror
   362 | D        | Reached skill level 10 in Fighting
   362 | D        | Reached XP level 8. HP: 63/87 MP: 11/14
   363 | D        | Killed an efreet
   363 | D        | Reached ***** piety under Cheibriados
   363 | D        | Reached XP level 9. HP: 55/97 MP: 6/16
   366 | D        | Reached skill level 10 in Invocations
   552 | D        | Gained mutation: You are clumsy. (Dex -2) [potion of
                  | mutation]
   552 | D        | Lost mutation: You are clumsy. (Dex -2) [potion of
                  | mutation]
   552 | D        | Gained mutation: You are somewhat resistant to further
                  | mutation. [potion of mutation]
   576 | D        | Noticed a spiny frog
   576 | D        | Noticed a spiny frog
   576 | D        | Noticed a spiny frog
   577 | D        | Noticed a seven-headed hydra
   578 | D        | Killed a spiny frog
   578 | D        | Killed a spiny frog
   578 | D        | Killed a spiny frog
   581 | D        | Killed a seven-headed hydra
   581 | D        | Reached XP level 10. HP: 85/110 MP: 6/19
   691 | D        | Reached ****** piety under Cheibriados
   695 | D        | Noticed a spiny frog
   702 | D        | Killed a spiny frog
   771 | D        | Noticed a death yak
   771 | D        | Noticed a death yak
   771 | D        | Noticed a death yak
   771 | D        | Noticed a death yak
   771 | D        | Noticed a death yak
   771 | D        | Noticed a death yak
   774 | D        | Killed a death yak
   774 | D        | Killed a death yak
   774 | D        | Reached XP level 11. HP: 121/121 MP: 10/21
   774 | D        | Killed a death yak
   774 | D        | Reached skill level 15 in Polearms
   774 | D        | Killed a death yak
   774 | D        | Reached skill level 15 in Fighting
   774 | D        | Killed a death yak
   776 | D        | Killed a death yak
   776 | D        | Reached skill level 15 in Invocations
   777 | D        | Noticed a catoblepas
   867 | D        | Noticed a catoblepas
   868 | D        | Killed a catoblepas
   883 | D        | Killed a catoblepas
   942 | D        | Noticed Erica
   947 | D        | Killed Erica
   996 | D        | Noticed Harold
  1161 | D        | Reached skill level 5 in Stealth
  1371 | D        | Killed Harold
  1516 | D        | Reached XP level 12. HP: 117/133 MP: 18/24
  1556 | D        | Found Rikikhlu's Gadget Emporium.
  1556 | D        | Noticed an orc high priest
  1556 | D        | Noticed an orc high priest
  1559 | D        | Killed an orc high priest
  1559 | D        | Reached skill level 5 in Dodging
  1559 | D        | Killed an orc high priest
  1559 | D        | Noticed an orc high priest
  1561 | D        | Noticed an orc high priest
  1571 | D        | Killed an orc high priest
  1571 | D        | Killed an orc high priest
  1688 | D        | Found Rouduon's Weapon Shoppe.
  1697 | D        | Found Wagget's Distillery.
  1753 | D        | Found Miocousua's Jewellery Shoppe.
  1777 | D        | Bought a crystal ball of energy for 200 gold pieces
  1777 | D        | Bought a lamp of fire for 400 gold pieces
  1777 | D        | Bought a lightning rod (4/4) for 400 gold pieces
  1777 | D        | Noticed an orc high priest
  1778 | D        | Noticed an orc high priest
  1780 | D        | Killed an orc high priest
  1780 | D        | Reached skill level 10 in Armour
  1781 | D        | Killed an orc high priest
  1782 | D        | Noticed an orc high priest
  1784 | D        | Killed an orc high priest
  1803 | D        | Bought an uncursed ring of resist corrosion for 260 gold
                  | pieces
  1803 | D        | Bought the ring "Tagg" {+Fly rC+ Int+4} for 518 gold pieces
  1823 | D        | Bought a potion of invisibility for 96 gold pieces
  1878 | D        | Noticed Gastronok
  1895 | D        | Killed Gastronok
  1895 | D        | Reached skill level 5 in Evocations
  1953 | D        | Found the +8 demon trident "Rift" {distort, reach+}
  1965 | D        | Got the +2 scimitar of Articulation {flame, rC+}
  2040 | D        | Noticed a red very ugly thing
  2046 | D        | Killed a red very ugly thing
  2046 | D        | Gained mutation: You can use your snake-like lower body to
                  | constrict enemies. [Naga growth]
  2046 | D        | Reached XP level 13. HP: 138/140 MP: 14/25
  2046 | D        | Noticed a spark wasp
  2049 | D        | Noticed a stone giant
  2053 | D        | Killed a spark wasp
  2060 | D        | Noticed an ettin
  2073 | D        | Killed an ettin
  2770 | D        | Noticed Snorg
  2785 | D        | Killed Snorg
  2924 | D        | Reached skill level 5 in Shields
  2987 | D        | Reached skill level 10 in Shields
  2990 | D        | Noticed a thorn hunter
  2996 | D        | Killed a thorn hunter
  3044 | D        | Noticed an emperor scorpion
  3051 | D        | Banished an emperor scorpion
  3058 | D        | Reached XP level 14. HP: 138/150 MP: 17/26
  3093 | D        | Noticed Agnes
  3093 | D        | Noticed Nessos
  3101 | D        | Killed Nessos
  3104 | D        | Banished Agnes
  3130 | D        | Killed a stone giant
  3149 | D        | Noticed Aizul
  3172 | D        | Killed Aizul
  3219 | D        | Noticed a frost giant
  3219 | D        | Noticed a cyan very ugly thing
  3240 | D        | Noticed a quicksilver dragon
  3241 | D        | Killed a cyan very ugly thing
  3241 | D        | Killed a quicksilver dragon
  3242 | D        | Killed a frost giant
  3269 | D        | Noticed a frost giant
  3280 | D        | Killed a frost giant
  3484 | D        | Reached skill level 15 in Shields
  3535 | D        | Noticed an ironheart preserver
  3541 | D        | Killed an ironheart preserver
  3552 | D        | Noticed a vampire knight
  3555 | D        | Killed a vampire knight
  3562 | D        | Noticed a sphinx
  3562 | D        | Noticed a sphinx
  3562 | D        | Noticed a nagaraja
  3565 | D        | Noticed an orc warlord
  3567 | D        | Killed a sphinx
  3567 | D        | Reached XP level 15. HP: 20/157 MP: 2/28
  3569 | D        | Killed a sphinx
  3570 | D        | Killed a nagaraja
  3574 | D        | Noticed a fire giant
  3587 | D        | Killed a fire giant
  3595 | D        | Noticed a Killer Klown
  3607 | D        | Killed a Killer Klown
  3951 | D        | Noticed a tengu reaver
  3964 | D        | Noticed a tengu reaver
  3965 | D        | Noticed Sojobo
  3972 | D        | Killed a tengu reaver
  3974 | D        | Killed a tengu reaver
  4038 | D        | Got the +6 scythe of Blind Justice {vamp, MP+9 Int+7 Dex-2}
  4147 | D        | Noticed Frances
  4166 | D        | Noticed Nikola
  4174 | D        | Noticed Jory
  4459 | D        | Killed Jory
  4524 | D        | Killed Nikola
  4659 | D        | Noticed Frederick
  4680 | D        | Banished Frederick
  4779 | D        | Noticed Ilsuiw
  4804 | D        | Banished Ilsuiw
  4808 | D        | Reached skill level 15 in Dodging
  4808 | D        | Reached XP level 16. HP: 104/165 MP: 23/30
  4993 | D        | Got a barnacled rune of Zot
  5014 | D        | Noticed a nagaraja
  5014 | D        | Noticed a nagaraja
  5015 | D        | Noticed a nagaraja
  5020 | D        | Killed a nagaraja
  5035 | D        | Noticed a nagaraja
  5041 | D        | Killed a nagaraja
  5043 | D        | Reached skill level 5 in Throwing
  5044 | D        | Banished a nagaraja
  5084 | D        | Got a serpentine rune of Zot
  5108 | D        | Reached skill level 10 in Evocations
  5138 | D        | Got a gossamer rune of Zot
  5240 | D        | Got a decaying rune of Zot
  5382 | D        | Noticed Nergalle
  5389 | D        | Killed Nergalle
  5400 | D        | Noticed Margery
  5610 | D        | Noticed a tentacled monstrosity
  5614 | D        | Reached XP level 17. HP: 187/187 MP: 15/31
  5616 | D        | Killed a tentacled monstrosity
  5702 | D        | Noticed a quicksilver dragon
  5704 | D        | Killed a quicksilver dragon
  5707 | D        | Reached skill level 10 in Throwing
  5707 | D        | Reached skill level 27 in Polearms
  5733 | D        | Got a silver rune of Zot
  5740 | D        | Got a translucent lead ring
  5741 | D        | Identified the ring of Ycyis {rPois AC+5} (You found it in
                  | the Dungeon)
  5832 | D        | Noticed Mennas
  5942 | D        | Got the ring of Xom's Fair Game {rCorr rF++ MP+9 Slay+3}
  5944 | D        | Got the ring of Zahodeni {Str+5 Int+5}
  5946 | D        | Got the ring "Egiuser" {rCorr +Blink rC+ Str-2}
  5948 | D        | Got the ring of Checkmate {Ice +Blink rElec rN++ Int-5}
  5950 | D        | Got the ring "Wiuryure" {Str+2 Int+4}
  5956 | D        | Got the +5 executioner's axe "Beetlebane" {chop, rPois
                  | Int+3}
  5960 | D        | Got the +5 battleaxe "Mieq" {elec, Str+6}
  5963 | D        | Got the +5 glaive of Bodily Harmony {freeze, rN+}
  5988 | D        | Got the +2 swamp dragon scales of Rutib {rPois rF+ Str+4
                  | Int+8 Slay+3}
  5993 | D        | Got the +0 pair of gloves "Boxtuwk" {+Fly rC- MR+}
  6077 | D        | Noticed Mara
  6083 | D        | Noticed HASTUR3's illusion
  6136 | D        | Noticed a sphinx
  6142 | D        | Killed a sphinx
  6170 | D        | Noticed a bone dragon
  6170 | D        | Noticed a golden dragon
  6174 | D        | Killed a golden dragon
  6175 | D        | Banished a bone dragon
  6177 | D        | Noticed a golden dragon
  6189 | D        | Killed a golden dragon
  6194 | D        | Reached XP level 18. HP: 183/199 MP: 19/35
  6210 | D        | Reached skill level 27 in Invocations
  6235 | D        | Noticed a quicksilver dragon
  6237 | D        | Killed a quicksilver dragon
  6239 | D        | Reached skill level 15 in Throwing
  6255 | D        | Noticed an electric golem
  6260 | D        | Killed an electric golem
  6449 | D        | Noticed a tentacled monstrosity
  6454 | D        | Killed a tentacled monstrosity
  6497 | D        | Noticed a quicksilver dragon
  6497 | D        | Noticed a tentacled monstrosity
  6499 | D        | Killed a quicksilver dragon
  6503 | D        | Killed a tentacled monstrosity
  6660 | D        | Noticed an Orb Guardian
  6660 | D        | Noticed an Orb Guardian
  6660 | D        | Noticed an Orb Guardian
  6660 | D        | Noticed an Orb Guardian
  6660 | D        | Noticed an Orb Guardian
  6660 | D        | Noticed an Orb Guardian
  6662 | D        | Killed an Orb Guardian
  6662 | D        | Killed an Orb Guardian
  6662 | D        | Killed an Orb Guardian
  6662 | D        | Killed an Orb Guardian
  6663 | D        | Killed an Orb Guardian
  6666 | D        | Killed an Orb Guardian
  6666 | D        | Reached XP level 19. HP: 184/206 MP: 35/36
  6747 | D        | Noticed a golden dragon
  6751 | D        | Reached skill level 27 in Throwing
  6752 | D        | Killed a golden dragon
  6771 | D        | Noticed an ancient lich
  6772 | D        | Noticed a Tzitzimitl
  6781 | D        | Noticed an orb of fire
  6784 | D        | Banished an orb of fire
  6787 | D        | Noticed an electric golem
  6951 | D        | Noticed an orb of fire
  6951 | D        | Noticed an electric golem
  6951 | D        | Noticed an orb of fire
  6951 | D        | Noticed an orb of fire
  6953 | D        | Noticed an orb of fire
  6956 | D        | Killed an orb of fire
  6956 | D        | Killed an electric golem
  6957 | D        | Killed an orb of fire
  6957 | D        | Killed an orb of fire
  6958 | D        | Killed an orb of fire
  6969 | D        | Noticed a golden dragon
  7174 | D        | Noticed an electric golem
  7177 | D        | Noticed an orb of fire
  7181 | D        | Killed an electric golem
  7181 | D        | Killed an orb of fire
  7181 | D        | Reached XP level 20. HP: 197/216 MP: 26/37
  7258 | D        | Reached skill level 27 in Shields
  7293 | D        | Reached skill level 15 in Evocations
  7329 | D        | Got the Orb of Zot
  7479 | D        | Noticed Qyramaog the pandemonium lord
  7482 | D        | Banished Qyramaog the pandemonium lord
  7613 | D        | Noticed Loefeets the pandemonium lord
  7631 | D        | Killed Loefeets the pandemonium lord
  7660 | D        | Killed an ancient lich
  7742 | D        | Killed a golden dragon
  7947 | D        | Noticed Coxankom the pandemonium lord
  7953 | D        | Killed Coxankom the pandemonium lord
  8047 | D        | Noticed a Brimstone Fiend
  8051 | D        | Banished a Brimstone Fiend
  8225 | D        | Noticed Kaet the pandemonium lord
  8233 | D        | Noticed an ancient lich
  8235 | D        | Banished an ancient lich
  8247 | D        | Killed Frances
  8257 | D        | Reached XP level 21. HP: 156/156 MP: 29/30
  8284 | D        | Reached skill level 27 in Evocations
  8400 | D        | Gained mutation: You tend to lose your temper in combat. [a
                  | neqoxec]
  8529 | D        | Noticed Cikehox the pandemonium lord
  8814 | D        | Banished Margery
  8855 | D        | Killed Sojobo
  8890 | D        | Noticed a seraph
  8895 | D        | Killed a seraph
  8909 | D        | Reached skill level 27 in Fighting
  8909 | D        | Reached skill level 10 in Stealth
  8937 | D        | Noticed Rickucim the pandemonium lord
  8943 | D        | Killed Rickucim the pandemonium lord
  8969 | D        | Noticed Honot the pandemonium lord
  9157 | D        | Killed Mennas
  9157 | D        | Reached skill level 27 in Stealth
  9161 | D        | Lost mutation: You tend to lose your temper in combat.
                  | [potion of mutation]
  9161 | D        | Lost mutation: You are somewhat resistant to further
                  | mutation. [potion of mutation]
  9161 | D        | Gained mutation: Your body sometimes deteriorates upon
                  | taking damage. [potion of mutation]
  9161 | D        | Gained mutation: You are dopey. (Int -2) [potion of
                  | mutation]
  9161 | D        | Gained mutation: You have a somewhat thin skeletal
                  | structure. (Dex +2, Stealth) [potion of mutation]
  9170 | D        | Noticed Ziaci the pandemonium lord
  9188 | D        | Killed Ziaci the pandemonium lord
  9190 | D        | Noticed a profane servitor
  9200 | D        | Killed a profane servitor
  9277 | D        | Noticed a profane servitor
  9283 | D        | Killed a profane servitor
  9283 | D        | Reached XP level 22. HP: 245/254 MP: 39/39
  9306 | D        | Killed Cikehox the pandemonium lord
  9513 | D        | Noticed Diumn the pandemonium lord
  9520 | D        | Killed Diumn the pandemonium lord
  9559 | D        | Fell from the grace of Cheibriados
  9561 | D        | Escaped with the Orb!

Skill      XL: |  1  2  3  4  5  6  7  8  9 10 11 12 13 14 15 16 17 18 19 20 21 22 |
---------------+-------------------------------------------------------------------+-----
Polearms       | 4 6 8 9 11 13 14 16 17 18 20 22 24 27 | 27.0
Fighting       | 5 6 8 10 11 13 14 16 20 21 27 | 27.0
Invocations    | 5 8 9 12 14 16 19 21 26 27 | 27.0
Armour         | 6 10 11 | 11.1
Stealth        | 9 27 | 27.0
Dodging        | 3 9 15 20 23 | 23.9
Evocations     | 5 11 26 27 | 27.0
Shields        | 12 15 17 26 27 | 27.0
Throwing       | 8 12 25 27 | 27.0

Action                   |  1- 3 |  4- 6 |  7- 9 | 10-12 | 13-15 | 16-18 | 19-21 | 22-24 || total
-------------------------+-------+-------+-------+-------+-------+-------+-------+-------++-------
Melee: Spear             |    28 |     9 |       |       |       |       |       |       ||    37
       Halberd           |       |    18 |     6 |    91 |       |       |       |       ||   115
       Demon trident     |       |       |       |    16 |   179 |   275 |   281 |       ||   751
       Constrict         |       |       |       |       |    14 |    32 |    36 |     5 ||    87
       Trishula          |       |       |       |       |       |       |    28 |    44 ||    72
Throw: Javelin           |       |       |       |       |       |    84 |   105 |    13 ||   202
Invok: Slouch            |       |       |     4 |    26 |    45 |    56 |    28 |     5 ||   164
       Step From Time    |       |       |       |     1 |     1 |       |       |       ||     2
       Bend Time         |       |       |       |     1 |       |       |       |       ||     1
       Renounce Religion |       |       |       |       |       |       |       |     1 ||     1
 Abil: Spit Poison       |       |       |       |     6 |    11 |     6 |     3 |       ||    26
       Evoke Flight      |       |       |       |       |     3 |       |       |       ||     3
       Evoke Invisibilit |       |       |       |       |     1 |     2 |     1 |       ||     4
Evoke: Lightning rod     |       |       |       |       |     4 |       |       |       ||     4
       Crystal ball of e |       |       |       |       |       |     1 |     1 |       ||     2
  Use: Potion            |     1 |     2 |     1 |       |    14 |     2 |     2 |       ||    22
       Scroll            |       |       |       |       |       |     2 |       |       ||     2
 Stab: Sleeping          |     1 |       |       |     1 |       |       |       |       ||     2
       Invisible         |       |       |     1 |       |     1 |     4 |       |       ||     6
       Distracted        |       |       |       |       |     1 |       |       |     1 ||     2
  Eat: Chunk             |       |       |       |     6 |     4 |    10 |     5 |       ||    25
       Ration            |       |       |       |       |     3 |     1 |     2 |       ||     6
Armor: Robe              |     1 |       |       |       |       |       |       |       ||     1
       Plate armour      |       |    19 |       |    25 |       |       |       |       ||    44
       Storm dragon scal |       |       |       |     2 |     8 |       |       |       ||    10
       Ice dragon scales |       |       |       |       |     3 |       |       |       ||     3
       Gold dragon scale |       |       |       |       |     5 |    50 |    42 |     3 ||   100
Dodge: Dodged            |    12 |     4 |     2 |    18 |    32 |    98 |    50 |     4 ||   220
Block: Buckler           |       |       |       |       |    18 |    50 |       |       ||    68
       Large shield      |       |       |       |       |       |    83 |   217 |    29 ||   329
